 Dungeon Crawl Stone Soup version 0.30-a0-743-gbfdf073431 (webtiles) character file.

Game seed: 17966482045359572051

123 browni3141 the Trooper (level 4, -2/36 HPs)
             Began as a Mummy Cinder Acolyte on Feb 6, 2023.
             Was a High Priest of Ignis.
             Slain by an orc
             ... wielding a +0 war axe
              (4 damage)
             ... on level 3 of the Dungeon.
             The game lasted 00:04:28 (2015 turns).

browni3141 the Trooper (Mummy Cinder Acolyte)       Turns: 2015, Time: 00:04:28

Health: -2/36      AC:  2    Str: 19    XL:     4   Next: 79%
Magic:  2/7        EV: 11    Int: 19    God:    Ignis [*****.]
Gold:   82         SH:  0    Dex:  7    Spells: 5/7 levels left

rFire   . . .      SeeInvis .    a - +0 whip
rCold   + . .      Faith    +    (no shield)
rNeg    + + +      Spirit   .    j - +0 robe
rPois   ∞          Reflect  .    (no helmet)
rElec   .          Harm     .    (no cloak)
rCorr   .          Rampage  .    (no gloves)
Will    .....                    (no boots)
Stlth   ++                       f - amulet of the acrobat
HPRegen 0.26/turn                k - +6 ring of intelligence
MPRegen 0.10/turn                (no ring)

@: no status effects
A: cold resistance 1, negative energy resistance 3, torment resistance 2, heat
vulnerability 1, in touch with death 1, no potions, faith
a: Renounce Religion, Fiery Armour, Foxfire Swarm, Rising Flame


You were on level 3 of the Dungeon.
You worshipped Ignis.
Ignis was extremely pleased with you.
You visited 1 branch of the dungeon, and saw 3 of its levels.

You collected 82 gold pieces.

Inventory:

Hand Weapons
 a - a +0 whip (weapon)
 b - a +0 sling
 d - a -1 hand axe of flaming
 i - a +0 mace
Missiles
 h - 2 boomerangs
 l - 5 curare-tipped darts
Armour
 j - a +0 robe (worn)
Jewellery
 f - an amulet of the acrobat (around neck)
 k - a +6 ring of intelligence (left hand)
Scrolls
 c - a scroll of magic mapping {unknown}
 e - a scroll of amnesia {unknown}
 g - a scroll of brand weapon {unknown}
 m - a scroll of poison {unknown}
 n - a scroll of enchant armour {unknown}


   Skills:
 + Level 3.6 Fighting
 - Level 2.5 Axes
 * Level 1.2 Throwing
 * Level 2.1 Stealth
 - Level 2.0 Spellcasting
 - Level 3.0 Fire Magic


You had 5 spell levels left.
You knew the following spells:

 Your Spells              Type           Power      Damage    Failure   Level
a - Scorch                Fire           26%        2d6       8%          2

Your spell library contained the following spells:

 Spells                   Type           Power      Damage    Failure   Level


Dungeon Overview and Level Annotations

Branches:
Dungeon (3/15)

Altars:

Shops:
D:1 (


Innate Abilities, Weirdness & Mutations

You are immune to poison.
Your flesh is cold resistant. (rC+)
You are immune to negative energy. (rN+++)
You are immune to unholy pain and torment.
You are vulnerable to heat. (rF-)
You are in touch with the powers of death.
You do not drink.
You have a special connection with the divine. (Faith)


Message History

The adder is severely wounded.
The adder bites you. The orc barely misses you. The adder bites you.
Your magical contamination has completely faded away.
You are too injured to fight recklessly!
You are too injured to fight recklessly!
You closely miss the adder.
The adder is severely wounded.
The adder closely misses you.
You barely miss the adder.
The adder is severely wounded.
The adder bites you. x2
You barely miss the adder.
The adder is severely wounded.
The adder bites you but does no damage.
You hit the adder.
The adder is severely wounded.
The adder bites you.
You barely miss the adder.
The adder is severely wounded.
The adder bites you. The adder bites you but does no damage.
You hit the adder.
You kill the adder!
You hit the orc.
The orc is heavily wounded.
The orc misses you.
You hit the orc.
The orc is almost dead.
The orc hits you with a +0 club.
* * * LOW HITPOINT WARNING * * *
You hit the orc.
You kill the orc!
You hit the orc.
The orc is lightly wounded.
The orc closely misses you.
You hit the orc but do no damage. The orc hits you with a +0 war axe!
* * * LOW HITPOINT WARNING * * *
Activating: Foxfire Swarm
Press: ? - help, Dir - look around, f - activate Flames leap up around you!
The orc hits you with a +0 war axe.
You die...

..#.....)..#######.#
........#### #.#
≈≈....#..# #.#
..≈.#..#)## .#
≈.≈.......########
≈§≈..##..........#
≈§≈.. ###.v#####..
§≈. #.vv### .≈
##vv@v# ..#v##o###
#.....vv.#
###....#....#
####.........
##...)...# #..#.#.#
.......
.####..######


You could see an orc (ally target).

Vanquished Creatures
  An orc priest (D:3)
  4 adders
  A dart slug (D:2)
  2 orcs (D:3)
  7 ball pythons
  5 bats
  5 endoplasms
  4 giant cockroaches
  6 goblins
  6 hobgoblins (D:1)
  7 frilled lizards
  2 kobolds
  4 rats
54 creatures vanquished.

Notes
Turn   | Place    | Note
-------+----------+-------------------------------------------
     0 | D:1      | browni3141 the Mummy Cinder Acolyte began the quest for the
                  | Orb.
     0 | D:1      | Reached XP level 1. HP: 18/18 MP: 2/2
    77 | D:1      | Found Lizam's Weapon Shoppe.
   174 | D:1      | Reached XP level 2. HP: 24/24 MP: 4/4
   762 | D:2      | Gained mutation: You are in touch with the powers of death.
                  | [Mummy growth]
   762 | D:2      | Reached XP level 3. HP: 27/29 MP: 6/6
   812 | D:2      | Reached skill level 1 in Stealth
  1380 | D:2      | Found a faded altar of an unknown god.
  1773 | D:2      | Reached XP level 4. HP: 35/35 MP: 7/7
  1901 | D:3      | Learned a level 2 spell: Scorch
  1987 | D:3      | Reached skill level 1 in Throwing
  2014 | D:3      | HP: 1/36 [orc/+0 war axe (7)]
  2015 | D:3      | Slain by an orc

Illustrated notes

Levels and vault maps discovered:
D:1:      minmay_arrival_four_circles, layout_basic, serial_shops,
          nicolae_lakefront_shop, dk_noncrumbling_3
D:2:      layout_basic, hellmonk_ecumenical_altar_pennies_from_heaven,
          kennysheep_pointless_box, minmay_misc_feat_enclosed,
          roderic_serpentine_path
D:3:      layout_rooms, nicolae_tso_carved_into_rock,
          mainiacjoe_overflow_concentric_impassable

Skill      XL: |  1  2  3  4 |
---------------+-------------+-----
Spellcasting   | 2 |  2.0
Stealth        | 1 2 |  2.1
Fire Magic     | 3 |  3.0
Throwing       | 1 |  1.2
Fighting       | |  3.6
Axes           | |  2.5

Action                     |  1- 3 |  4- 6 || total
---------------------------+-------+-------++-------
  Melee: Whip              |   178 |    51 ||   229
         Hand axe          |     5 |       ||     5
         Punch             |     1 |       ||     1
   Fire: Sling             |    12 |     2 ||    14
   Cast: Scorch            |       |     3 ||     3
 Invoke: Foxfire Swarm     |       |     1 ||     1
   Stab: Sleeping          |     1 |       ||     1
 Armour: Robe              |    50 |     8 ||    58
  Dodge: Dodged            |   133 |    27 ||   160

Table legend: (Time is in decaauts)
 A = Elapsed time spent in this place.
 B = Non-inter-level travel time spent in this place.
 C = Inter-level travel time spent in this place.
 D = Time resting spent in this place.
 E = Time spent auto-exploring this place.
 F = Levels seen in this place.
 G = Mean time per level.
                   A        B        C        D        E       F      G
               +--------+--------+--------+--------+--------+-----+--------+
         Total |   2024 |   1876 |    148 |     71 |   1267 |   3 |  674.7 |
       Dungeon |   2024 |   1876 |    148 |     71 |   1267 |   3 |  674.7 |
               +--------+--------+--------+--------+--------+-----+--------+

Top non-repeatable levels by time:
     D:2: 1124 daAuts
     D:1: 730 daAuts
     D:3: 168 daAuts
